 Dungeon Crawl Stone Soup version 0.21.0-30-g47ce8e4 (webtiles) character file.

122 Feta the Covered (level 5, -12/40 HPs)
             Began as a Gnoll Wanderer on Jan 28, 2018.
             Killed by divine providence
             ... invoked by an orc priest
              (14 damage)
             ... on level 2 of the Dungeon.
             The game lasted 00:04:29 (1602 turns).

Feta the Covered (Gnoll Wanderer)                   Turns: 1602, Time: 00:04:29

Health: -12/40     AC:  2    Str: 18    XL:     5   Next: 6%
Magic:  7/7        EV: 18    Int: 16    God:
Gold:   77         SH:  5    Dex: 20    Spells: 6/6 levels left

rFire    + . .     SeeInvis .   d - +0 falchion
rCold    + . .     Gourm    .   i - +0 buckler
rNeg     . . .     Faith    .   e - +0 robe
rPois    +         Spirit   .   (no helmet)
rElec    +         Reflect  .   (no cloak)
rCorr    +         Harm     .   (no gloves)
MR       .....                  (no boots)
Stlth    ++++......             (no amulet)
HPRegen  0.13/turn              (no ring)
MPRegen  0.10/turn              (no ring)

@: mighty, agile, resistant, flying
A: distributed training, fangs 1, strong nose
a: no special abilities


You were on level 2 of the Dungeon.
You were not hungry.

You visited 1 branch of the dungeon, and saw 2 of its levels.

You collected 77 gold pieces.

Inventory:

Hand Weapons
 a - a +2 dagger
 c - a +0 spear
 d - a +0 falchion (weapon)
Missiles
 h - 17 sling bullets
 k - 69 stones (quivered)
 m - 23 poisoned needles
 t - 7 tomahawks
Armour
 e - a +0 robe (worn)
 i - a +0 buckler (worn)
Jewellery
 s - a cursed ring of teleportation {unknown}
Scrolls
 g - a scroll of noise {unknown}
 j - a scroll of blinking {unknown}
 l - a scroll of identify {unknown}
 n - a scroll of magic mapping {unknown}
 q - a scroll of immolation {unknown}
 u - a scroll of fear {unknown}
 v - a scroll of teleportation {unknown}
Potions
 b - a potion of berserk rage
Comestibles
 f - 2 rations


   Skills:
 + Level 2.8 Fighting
 + Level 1.3 Short Blades
 + Level 4.7 Long Blades
 + Level 1.3 Axes
 + Level 1.3 Maces & Flails
 + Level 1.3 Polearms
 + Level 1.3 Staves
 + Level 1.3 Slings
 + Level 1.3 Bows
 + Level 4.7 Crossbows
 + Level 1.3 Throwing
 + Level 4.7 Armour
 + Level 2.8 Dodging
 + Level 2.6 Stealth
 + Level 1.3 Shields
 + Level 1.3 Unarmed Combat
 + Level 1.3 Spellcasting
 + Level 1.0 Conjurations
 + Level 1.0 Hexes
 + Level 1.0 Charms
 + Level 1.0 Summonings
 + Level 1.0 Necromancy
 + Level 1.0 Translocations
 + Level 1.0 Transmutations
 + Level 1.0 Fire Magic
 + Level 1.0 Ice Magic
 + Level 1.0 Air Magic
 + Level 1.0 Earth Magic
 + Level 1.0 Poison Magic
 + Level 1.4 Invocations
 + Level 2.8 Evocations


You had 6 spell levels left.
You didn't know any spells.

Dungeon Overview and Level Annotations

Branches:
Dungeon (2/15)

Altars:
Ashenzari
Fedhas


Innate Abilities, Weirdness & Mutations

Your experience applies equally to all skills.
You have very sharp teeth.
Your uncanny sense of smell can sniff out nearby items.


Message History

The orc priest casts a cantrip, but nothing happens.
The orc priest barely misses you.
It was a potion of agility.
You feel agile all of a sudden.
The orc priest mumbles some strange prayers to Beogh against you.
You barely resist.
The orc priest hits you but does no damage.
It was a potion of resistance.
You feel protected. The orc priest closely misses you.
You riposte.
You hit the orc priest.
You kill the orc priest!
You have reached level 5!
It was a potion of might.
You feel very mighty all of a sudden.
You hit the orc priest.
The orc priest is heavily wounded.
The orc barely misses you.
The orc priest invokes the aid of Beogh against you.
Beogh smites you!
You die...

#############
#>...[......##
#.#######.#..# ########
#.# #.##.# ........ #.#
#.##.## ........ #.#
#.##..# ........ #.#
#.###.# ###..... #.# #.#
#.## #.....
#.#######@###..######.....
#...^...oo................
#########o####..####.###.#
#.# ##.# #.# #.# #o# #.#
#.# #.# #.# #.# #.# #.#
#.# #.. #.# #.# #.# ##.
#.###.# .. #.....#


You could see 2 orc priests and 2 orcs.

Vanquished Creatures
  A crimson imp (D:2)
  An orc priest (D:2)
  2 adders (D:2)
  A worm (D:2)
  A dart slug (D:1)
  4 bats (D:1)
  A giant cockroach (D:2)
  8 goblins
  5 hobgoblins
  3 jackals (D:2)
  2 frilled lizards (D:2)
  A kobold (D:1)
  5 rats
35 creatures vanquished.

Notes
Turn   | Place    | Note
-------+----------+-------------------------------------------
     0 | D:1      | Feta the Gnoll Wanderer began the quest for the Orb.
     0 | D:1      | Feta set off with: a +2 dagger, a potion of berserk rage, a +0 spear, a +0 falchion, a +0 robe, a ration
     0 | D:1      | Reached XP level 1. HP: 17/17 MP: 2/2
   173 | D:1      | Reached XP level 2. HP: 21/23 MP: 3/3
   614 | D:1      | Reached XP level 3. HP: 28/28 MP: 4/4
   876 | D:2      | Reached skill level 1 in Invocations
  1256 | D:2      | Reached skill level 1 in Short Blades
  1256 | D:2      | Reached skill level 1 in Axes
  1256 | D:2      | Reached skill level 1 in Maces & Flails
  1256 | D:2      | Reached skill level 1 in Polearms
  1256 | D:2      | Reached skill level 1 in Staves
  1256 | D:2      | Reached skill level 1 in Slings
  1256 | D:2      | Reached skill level 1 in Bows
  1256 | D:2      | Reached skill level 1 in Throwing
  1256 | D:2      | Reached skill level 1 in Shields
  1256 | D:2      | Reached skill level 1 in Unarmed Combat
  1256 | D:2      | Reached skill level 1 in Spellcasting
  1311 | D:2      | Reached XP level 4. HP: 16/34 MP: 6/6
  1494 | D:2      | Found a shattered altar of Ashenzari.
  1494 | D:2      | Found a blossoming altar of Fedhas.
  1531 | D:2      | Reached skill level 1 in Conjurations
  1531 | D:2      | Reached skill level 1 in Hexes
  1531 | D:2      | Reached skill level 1 in Charms
  1531 | D:2      | Reached skill level 1 in Summonings
  1531 | D:2      | Reached skill level 1 in Necromancy
  1531 | D:2      | Reached skill level 1 in Translocations
  1531 | D:2      | Reached skill level 1 in Transmutations
  1531 | D:2      | Reached skill level 1 in Fire Magic
  1531 | D:2      | Reached skill level 1 in Ice Magic
  1531 | D:2      | Reached skill level 1 in Air Magic
  1531 | D:2      | Reached skill level 1 in Earth Magic
  1531 | D:2      | Reached skill level 1 in Poison Magic
  1597 | D:2      | HP: 1/34 [orc priest (5)]
  1600 | D:2      | Reached XP level 5. HP: 2/40 MP: 7/7
  1602 | D:2      | Killed from afar by an orc priest

Skill      XL: |  1  2  3  4 |
---------------+-------------+-----
Invocations    | 1 |  1.4
Short Blades   | 1 |  1.3
Axes           | 1 |  1.3
Maces & Flails | 1 |  1.3
Polearms       | 1 |  1.3
Staves         | 1 |  1.3
Slings         | 1 |  1.3
Bows           | 1 |  1.3
Throwing       | 1 |  1.3
Shields        | 1 |  1.3
Unarmed Combat | 1 |  1.3
Spellcasting   | 1 |  1.3
Conjurations   | 1 |  1.0
Hexes          | 1 |  1.0
Charms         | 1 |  1.0
Summonings     | 1 |  1.0
Necromancy     | 1 |  1.0
Translocations | 1 |  1.0
Transmutations | 1 |  1.0
Fire Magic     | 1 |  1.0
Ice Magic      | 1 |  1.0
Air Magic      | 1 |  1.0
Earth Magic    | 1 |  1.0
Poison Magic   | 1 |  1.0
Fighting       | |  2.8
Long Blades    | |  4.7
Crossbows      | |  4.7
Armour         | |  4.7
Dodging        | |  2.8
Stealth        | |  2.6
Evocations     | |  2.8

Action                   |  1- 3 |  4- 6 || total
-------------------------+-------+-------++-------
Melee: Dagger            |    17 |       ||    17
       Bite              |    13 |     4 ||    17
       Falchion          |    89 |    18 ||   107
  Use: Potion            |       |     4 ||     4
 Stab: Sleeping          |     4 |       ||     4
  Eat: Chunk             |     1 |     1 ||     2
Armor: Robe              |    18 |     5 ||    23
Dodge: Dodged            |    48 |    10 ||    58
Block: Buckler           |    18 |     1 ||    19
       Rpst.: Falchion   |    15 |     4 ||    19
